Match 45822189
Unlisted

Match 45822189
End
Engineer Squad
Construct Barracks
Selects Armored Battlegroup
Selects Veteran Crews
1⁄4-ton 4x4 Truck
Riflemen Squad
Riflemen Squad
Riflemen Squad
Infantry Support Center
M1918 Browning Automatic Rifles
Construct Medical Station
Selects Fast Deploy
Construct Motor Pool
M8 Greyhound Armored Car
Grenade Package
M8 Greyhound Armored Car
Selects Seek and Destroy
Riflemen Squad
Construct Tank Depot
M4A1 Sherman Medium Tank
Selects M4A3E8 Sherman Combat Group
M4A3E8 Sherman Combat Group
Riflemen Squad
Riflemen Squad
Riflemen Squad
Riflemen Squad
Selects M31 Recovery Vehicle
.30 cal Machine Gun
M4A3E8 Sherman Combat Group
.30 cal Machine Gun
M31 Recovery Vehicle
Mark29
Kaminsky
Herr Blautier
TBoR
0
0

Comments sign in to comment!

No comments posted yet!